 Dungeon Crawl Stone Soup version 0.24.0-10-g970556be89 (webtiles) character file.

Game seed: 11656078140837663640, levelgen mode: deterministic

11732 losten the Carver (level 11, -1/87 HPs)
             Began as a Demonspawn Berserker on Nov 3, 2019.
             Was a High Priest of Trog.
             Slain by Delamore's ghost (5 damage)
             ... on level 9 of the Dungeon.
             The game lasted 00:26:20 (8762 turns).

losten the Carver (Demonspawn Berserker)            Turns: 8762, Time: 00:26:31

Health: -1/87      AC: 17    Str: 21    XL:     11   Next: 53%
Magic:  11/11      EV: 12    Int:  8    God:    Trog [*****.]
Gold:   534        SH:  0    Dex: 13    Spells: 10/10 levels left

rFire    + + .     SeeInvis +   P - +4 rapier of Desperation {venom, *Drain rF+ SInv Stlth+}
rCold    . . .     Gourm    .   (no shield)
rNeg     . . .     Faith    .   d - +4 scale mail
rPois    .         Spirit   .   V - +1 hat {MR+}
rElec    .         Reflect  .   B - +0 cloak
rCorr    +         Harm     .   (no gloves)
MR       +++..                  I - +0 pair of boots
Stlth    +.........             (no amulet)
HPRegen  2.24/turn              N - ring of the Devil {rF+ Stlth-}
MPRegen  0.12/turn              h - ring of resist corrosion

@: berserk cooldown, regenerating, slowed, very slow
A: talons 1, thin metallic scales 1, powered by death 2, spiny 2
a: Berserk, Trog's Hand, Brothers in Arms, Renounce Religion


You were on level 9 of the Dungeon.
You worshipped Trog.
Trog was extremely pleased with you.
You were near starving.

You visited 1 branch of the dungeon, and saw 9 of its levels.

You collected 534 gold pieces.

Inventory:

Hand Weapons
 H - a +4 great sword
 O - a +2 scimitar of flaming
 P - the +4 rapier of Desperation (weapon) {venom, *Drain rF+ SInv Stlth+}
   (Trog gifted it to you on level 9 of the Dungeon)

   It poisons the flesh of those it strikes.
   It protects you from fire.
   It lets you see invisible.
   It causes draining when unequipped.
   It makes you more stealthy.
 R - a +2 eveningstar of draining
 S - a +0 arbalest of flaming
Missiles
 F - 34 poisoned darts (quivered)
 W - 8 silver javelins
Armour
 d - a +4 scale mail (worn)
 r - a +0 buckler
 B - a +0 cloak (worn)
 I - a +0 pair of boots (worn)
 L - a +2 ring mail of poison resistance
 V - a +1 hat of magic resistance (worn)
Jewellery
 a - a cursed ring of attention {unknown}
 h - a ring of resist corrosion (right hand)
 p - an uncursed ring of protection from fire
 N - the ring of the Devil (left hand) {rF+ Stlth-}
   (You found it on level 8 of the Dungeon)

   [ring of attention]

   It protects you from fire.
   It makes you less stealthy.
Wands
 A - a wand of polymorph (11)
 E - a wand of disintegration (10)
 J - a wand of digging (4)
 M - a wand of acid (10)
Scrolls
 e - a scroll of remove curse
 f - 4 scrolls of magic mapping
 i - 5 scrolls of teleportation
 j - 3 scrolls of immolation {unknown}
 l - 13 scrolls of identify {unknown}
 m - a scroll of enchant weapon {unknown}
 n - 2 scrolls of fog {unknown}
 q - 3 scrolls of fear {unknown}
 x - 2 scrolls of blinking {unknown}
 y - 2 scrolls of amnesia {unknown}
 C - 2 scrolls of random uselessness {unknown}
 D - a scroll of enchant armour {unknown}
Potions
 b - 2 potions of degeneration {unknown}
 g - 6 potions of might {unknown}
 k - 3 potions of lignification {unknown}
 o - 2 potions of magic {unknown}
 s - 3 potions of flight {unknown}
 t - 2 potions of berserk rage {unknown}
 u - 3 potions of curing
 v - 2 potions of heal wounds {unknown}
 z - a potion of mutation {unknown}
 G - 2 potions of brilliance {unknown}
 K - 2 potions of haste {unknown}
Comestibles
 c - 21 rations
 w - 7 chunks of flesh


   Skills:
 + Level 8.7 Fighting
 + Level 6.1(9.0) Short Blades
 + Level 10.1(10.7) Long Blades
   Level 2.7 Axes
 + Level 1.4 Throwing
 + Level 8.2 Armour
 + Level 4.6 Dodging
 + Level 2.1 Stealth
 + Level 1.0 Shields


You had 10 spell levels left.
You didn't know any spells.
Your spell library contained the following spells:

 Spells                   Type           Power        Failure   Level  Hunger
 Animate Skeleton         Necr           N/A          71%         1    ##.....
 Apportation              Tloc           #.....       71%         1    ##.....
 Confusing Touch          Hex            #.....       71%         1    ##.....
 Summon Small Mammal      Summ           #...         71%         1    ##.....
 Ice Form                 Ice/Tmut       #.......     100%        4    #####..
 Metabolic Englaciation   Hex/Ice        #.........   100%        5    ######.
 Bolt of Cold             Conj/Ice       #.........   100%        6    #######
 Freezing Cloud           Conj/Ice/Air   #.........   100%        6    #######
 Ozocubu's Refrigeration  Ice            #.........   100%        6    #######
 Simulacrum               Ice/Necr       #.........   100%        6    #######


Dungeon Overview and Level Annotations

Branches:
Dungeon (9/15)             Temple (0/1) D:4             Orc (0/2) D:9
   Lair: D:8-11

Altars:
Ashenzari
Cheibriados
Dithmenos
Fedhas
Gozag
Makhleb
Ru
Trog
Vehumet
Xom
Zin

Annotations:
D:9 1 transporter, Delamore's ghost, journeyman HOFi


Innate Abilities, Weirdness & Mutations

You have sharp toenails.
You are partially covered in thin metallic scales. (AC +2)
You regenerate health from kills.
You are mostly covered in sharp spines.


Message History

Delamore's ghost hits you! Delamore's ghost freezes you!
Your ogre hits Delamore's ghost with a +0 giant club!
The tengu warrior is struck by your spines.
The tengu warrior hits you but does no damage.
The tengu warrior completely misses you.
The tengu warrior claws you but does no damage.
Your ogre barely misses Delamore's ghost.
Delamore's ghost hits you!!
* * * LOW HITPOINT WARNING * * *
Delamore's ghost freezes you.
* * * LOW HITPOINT WARNING * * *
There is a transporter landing site, spattered with blood here.
You see here a stone.
Your ogre closely misses Delamore's ghost.
The tengu warrior hits your ogre with the +6 short sword "Tudduxt" {flame, rC+ MR- Stlth+}!
The tengu warrior burns your ogre. The tengu warrior pecks your ogre.
Your ogre dies!
Your ogre's corpse disappears in a puff of smoke!
Delamore's ghost hits you.
You die...

......>...(.)..###
#..###...#####...##
#.....###.©.###..#
#####.###.##...##.#########
......# ## #....#..........
####.##..#≈#....##.########
##..#....)...))Q#....######
#..©#....)_...§W#©..........###
#...#.%##...≈#.@#Z.######...#...
[..#.##.#≈#.# #.##.## #..
....... .###.. ## # ..##..# #.#
#...... .####. ....##.##
##.###.##... .. ..
#...###..####..#........ #. #.
#####............#.##... #.## ##
.......#####.......##... ..#
######..>.....####...).. #.#
...####.## #..##)##


You could see a tengu warrior, Delamore's ghost and an adder skeleton.

Vanquished Creatures
  Gastronok (D:8)
  A hydra (D:6)
  A two-headed ogre (D:8)
  Erica (D:8)
  A queen bee (D:8)
  A troll (D:9)
  Prince Ribbit (D:8)
  A hornet (D:9)
  2 hippogriffs (D:8)
  Sigmund (D:4)
  A shadow (D:8)
  Eustachio (D:4)
  3 hungry ghosts
  A vampire mosquito (D:8)
  A warg (D:9)
  7 orc warriors
  An ice beast (D:8)
  A sky beast (D:6)
  A necrophage (D:9)
  A black bear (D:8)
  6 ogres
  6 centaurs
  4 phantoms
  5 bullfrogs
  A gnoll sergeant (D:7)
  A scorpion (D:6)
  18 killer bees
  5 wights (D:5)
  A centaur zombie (D:5)
  5 crimson imps
  2 bullfrog zombies
  A quasit (D:9)
  6 centaur skeletons
  2 bullfrog skeletons
  4 hounds
  Crazy Yiuf (D:3)
  A gnoll shaman (D:8)
  7 orc priests
  2 jellies
  5 iguanas
  Natasha (thrice) (D:3)
  7 orc wizards
  4 worker ants
  A killer bee zombie (D:6)
  A hound skeleton (D:9)
  A howler monkey zombie (D:7)
  10 gnolls
  10 adders
  6 shadow imps
  5 oozes
  2 adder skeletons
  2 worms
  A dart slug (D:1)
  6 leopard geckos
  31 orcs
  7 bats
  4 giant cockroaches
  10 goblins
  7 hobgoblins
  10 jackals
  7 kobolds
  3 quokkas
  3 frilled lizards
  A jackal skeleton (D:8)
  A leopard gecko skeleton (D:9)
  7 rats
262 creatures vanquished.

Vanquished Creatures (collateral kills)
  A moth of wrath (D:9)
  2 orc warriors (D:9)
3 creatures vanquished.

Grand Total: 265 creatures vanquished

Notes
Turn   | Place    | Note
-------+----------+-------------------------------------------
     0 | D:1      | losten the Demonspawn Berserker began the quest for the
                  | Orb.
     0 | D:1      | Reached XP level 1. HP: 18/18 MP: 1/1
   234 | D:1      | Gained mutation: You are partially covered in sharp spines.
                  | [demonic ancestry]
   234 | D:1      | Reached XP level 2. HP: 23/24 MP: 2/2
   235 | D:1      | Reached skill level 3 in Long Blades
   436 | D:1      | Gained mutation: You are mostly covered in sharp spines.
                  | [demonic ancestry]
   436 | D:1      | Reached XP level 3. HP: 27/29 MP: 3/3
   871 | D:2      | Reached ** piety under Trog
   877 | D:2      | Gained mutation: You regenerate a little health from kills.
                  | [demonic ancestry]
   877 | D:2      | Reached XP level 4. HP: 21/37 MP: 4/4
  1455 | D:2      | Found a faded altar of an unknown god.
  1691 | D:2      | Found a radiant altar of Vehumet.
  1691 | D:2      | Found a snail-covered altar of Cheibriados.
  1778 | D:3      | Noticed Natasha
  1784 | D:3      | Killed Natasha
  1784 | D:3      | Reached skill level 4 in Long Blades
  1787 | D:3      | Gained mutation: You have sharp toenails. [demonic
                  | ancestry]
  1787 | D:3      | Reached XP level 5. HP: 42/42 MP: 5/5
  2239 | D:3      | Found a runed translucent door.
  2240 | D:3      | Noticed Crazy Yiuf
  2247 | D:3      | Killed Crazy Yiuf
  2282 | D:3      | Reached XP level 6. HP: 48/48 MP: 6/6
  2296 | D:3      | Noticed Natasha
  2301 | D:3      | Killed Natasha
  2388 | D:3      | Reached skill level 1 in Short Blades
  2565 | D:3      | Noticed Natasha
  2573 | D:3      | Killed Natasha
  2598 | D:3      | Found a blossoming altar of Fedhas.
  2951 | D:4      | Found the +2 pair of boots of the Assassin {Detection Stab+
                  | Stlth++}
  2973 | D:4      | Reached *** piety under Trog
  3134 | D:4      | Found a staircase to the Ecumenical Temple.
  3192 | D:4      | Noticed Eustachio
  3219 | D:4      | Killed Eustachio
  3219 | D:4      | Reached XP level 7. HP: 37/54 MP: 7/7
  3298 | D:4      | Found an opulent altar of Gozag.
  3368 | D:4      | Reached skill level 1 in Stealth
  3456 | D:4      | Noticed Sigmund
  3487 | D:4      | Killed Sigmund
  3695 | D:5      | Entered Level 5 of the Dungeon
  3789 | D:5      | Reached XP level 8. HP: 37/61 MP: 8/8
  3958 | D:5      | Found a shattered altar of Ashenzari.
  4042 | D:5      | Reached skill level 5 in Armour
  4278 | D:5      | Reached skill level 5 in Short Blades
  4334 | D:5      | Reached skill level 1 in Shields
  4526 | D:6      | Reached skill level 5 in Fighting
  4608 | D:6      | Noticed a six-headed hydra
  4623 | D:6      | Killed a six-headed hydra
  4623 | D:6      | Reached skill level 5 in Long Blades
  4623 | D:6      | Gained mutation: You regenerate health from kills. [demonic
                  | ancestry]
  4623 | D:6      | Reached XP level 9. HP: 26/68 MP: 9/9
  5081 | D:6      | Reached **** piety under Trog
  5205 | D:6      | Reached skill level 6 in Long Blades
  5765 | D:7      | Found a sacrificial altar of Ru.
  6248 | D:7      | Reached skill level 7 in Long Blades
  6680 | D:8      | Reached XP level 10. HP: 66/77 MP: 10/10
  6689 | D:8      | Noticed Prince Ribbit
  6694 | D:8      | Killed Prince Ribbit
  6716 | D:8      | Noticed Erica
  6725 | D:8      | Killed Erica
  6725 | D:8      | Reached skill level 8 in Long Blades
  6771 | D:8      | Found a bloodstained altar of Trog.
  6791 | D:8      | Reached ***** piety under Trog
  6913 | D:8      | Got a smoking bone ring
  6915 | D:8      | Got a scintillating golden ring
  6920 | D:8      | Noticed Gastronok
  6939 | D:8      | Identified the ring of the Devil {rF+ Stlth-} (You found it
                  | on level 8 of the Dungeon)
  6941 | D:8      | Identified the ring "Tisoshru" {*Tele rElec rC- Int+6} (You
                  | found it on level 8 of the Dungeon)
  6994 | D:8      | Killed Gastronok
  6994 | D:8      | Received a gift from Trog
  6994 | D:8      | Reached skill level 9 in Long Blades
  6994 | D:8      | Reached skill level 1 in Axes
  6994 | D:8      | Reached skill level 1 in Throwing
  7118 | D:8      | Gained mutation: You are partially covered in thin metallic
                  | scales. (AC +2) [demonic ancestry]
  7118 | D:8      | Reached XP level 11. HP: 19/85 MP: 11/11
  7438 | D:8      | Found a shadowy altar of Dithmenos.
  7690 | D:8      | Found a glowing silver altar of Zin.
  7711 | D:8      | Found a shimmering altar of Xom.
  7711 | D:8      | Noticed an angel
  8154 | D:8      | Noticed a two-headed ogre
  8159 | D:8      | Killed a two-headed ogre
  8328 | D:9      | Found a burning altar of Makhleb.
  8533 | D:9      | Found a bloodstained altar of Trog.
  8533 | D:9      | Found a transporter.
  8533 | D:9      | Noticed Delamore's ghost (journeyman HOFi)
  8537 | D:9      | Identified the +6 short sword "Tudduxt" {flame, rC+ MR-
                  | Stlth+}
  8537 | D:9      | Noticed a tengu warrior
  8547 | D:9      | Found a staircase to the Orcish Mines.
  8567 | D:9      | Received a gift from Trog
  8570 | D:9      | Got a crude rapier {god gift}
  8571 | D:9      | Identified the +4 rapier of Desperation {venom, *Drain rF+
                  | SInv Stlth+} (Trog gifted it to you on level 9 of the
                  | Dungeon)
  8711 | D:9      | Found a transporter.
  8743 | D:9      | Reached skill level 10 in Long Blades
  8761 | D:9      | HP: 1/87 [Delamore's ghost (6)]
  8762 | D:9      | Slain by Delamore's ghost

Levels and vault maps discovered:
D:1:      dpeg_arrival_pond, layout_rooms, serial_rivers,
          chequers_serial_rivers_room_a, chequers_serial_rivers_micro_c,
          chequers_serial_rivers_small_a, chequers_serial_rivers_micro_e,
          chequers_serial_rivers_micro_c
D:2:      layout_loops_cross, gammafunk_temple_overflow_elements,
          chequers_ecumenical_altar_island, st_stairs_9, minmay_puff
D:3:      minmay_razor_zed, layout_basic, lemuel_doored_altar,
          uniq_crazy_yiuf_cottage, uniq_natasha
D:4:      minmay_recursive_quarters, layout_basic, grunt_gozag_breadcrumbs,
          minmay_temple_entry_glassed_door, uniq_eustachio, uniq_sigmund
D:5:      layout_gridville, first_ration, ashenzari_altar_1
D:6:      layout_loops_corners, bh_walls_and_bars
D:7:      layout_basic, nicolae_ru_sacrificial_ziggurat
D:8:      minmay_the_grid_four_pointed_star
          [minmay_the_grid_triangle_9x9_sparse_checkered,
          minmay_the_grid_triangle_9x9_stretched_checkered,
          minmay_the_grid_triangle_9x9_dagger,
          minmay_the_grid_triangle_9x9_checkered,
          minmay_the_grid_prize_diamond_cup], layout_loops_corners,
          grunt_temple_overflow_order_and_chaos_1,
          nicolae_dithmenos_the_darkroom, serial_park_tiny_1, david_nohive_1,
          grunt_ministairs_14, bloody_trog, uniq_erica, uniq_gastronok,
          uniq_prince_ribbit1
D:9:      layout_rooms, david_orc_3, gammafunk_ghost_wrathful_warriors,
          serial_bayou_pond_d, makhleb_blood_cavern_becter

Skill      XL: |  1  2  3  4  5  6  7  8  9 10 11 |
---------------+----------------------------------+-----
Long Blades    | 3 4 5 7 9 10 | 10.1
Armour         | 2 3 4 6 7 8 |  8.2
Dodging        | 2 3 4 |  4.6
Short Blades   | 2 4 5 6 |  6.1
Fighting       | 4 5 6 7 8 |  8.7
Stealth        | 1 2 |  2.1
Shields        | 1 |  1.0
Axes           | 2 |  2.7
Throwing       | 1 |  1.4

Action                   |  1- 3 |  4- 6 |  7- 9 | 10-12 || total
-------------------------+-------+-------+-------+-------++-------
Melee: Falchion          |    65 |     6 |       |       ||    71
       Short sword       |       |   106 |    79 |       ||   185
       Kick              |       |    28 |    27 |       ||    55
       Great sword       |       |       |   131 |   133 ||   264
       War axe           |       |       |       |    42 ||    42
       Rapier            |       |       |       |    26 ||    26
Throw: Dart              |       |       |     2 |     8 ||    10
Invok: Berserk           |     1 |     2 |       |     1 ||     4
       Trog's Hand       |       |     2 |       |     2 ||     4
       Brothers in Arms  |       |       |       |     2 ||     2
  Use: Scroll            |       |     3 |       |       ||     3
 Stab: Distracted        |       |       |       |     1 ||     1
  Eat: Chunk             |       |     7 |     8 |    10 ||    25
       Ration            |       |     1 |     1 |     1 ||     3
Armor: Animal skin       |     3 |       |       |       ||     3
       Scale mail        |    23 |    47 |   147 |   136 ||   353
       Skin              |       |       |     3 |       ||     3
Dodge: Dodged            |    42 |    42 |   127 |   144 ||   355
Block: Buckler           |       |    16 |     5 |       ||    21
       Rpst.: Falchion   |     7 |       |       |       ||     7
       Great sword       |       |       |    33 |    37 ||    70
